 Dungeon Crawl Stone Soup version 0.31-a0-188-g5e087ee2ca (webtiles) character file.

Game seed: 4392607508893962344

133 qw the Shooter (level 4, -5/25 HPs)
             Began as a Deep Elf Hunter on June 23, 2023.
             Killed by nerve-wracking pain
             ... invoked by an orc priest
             ... summoned by a hobgoblin
              (12 damage)
             ... on level 3 of the Dungeon.
             The game lasted 00:00:43 (1596 turns).

qw the Shooter (Deep Elf Hunter)                    Turns: 1596, Time: 00:00:44

Health: -5/25      AC:  5    Str: 10    XL:     4   Next: 93%
Magic:  6/6        EV: 13    Int: 14    God:
Gold:   77         SH:  5    Dex: 22    Spells: 3/3 levels left

rFire   x . .        Y - +1 shortbow
rCold   . . .        (shield currently unavailable)
rNeg    . . .        f - +2 leather armour "Leroat" {rF- Dex+4}
rPois   .            (no helmet)
rElec   .            (no cloak)
rCorr   .            (no gloves)
SInv    .            (no boots)
Will    .....        b - amulet of reflection
Stlth   ++           (no ring)
HPRegen 0.24/turn    (no ring)
MPRegen 0.10/turn

%: reflection
@: about to teleport
A: no striking features
a: no special abilities


You were on level 3 of the Dungeon.
You visited 1 branch of the dungeon, and saw 3 of its levels.

You collected 77 gold pieces.


   Skills:
 - Level 1.5 Fighting
 + Level 7.9 Ranged Weapons
 - Level 3.2 Dodging
 - Level 1.2 Stealth


You had 3 spell levels left.
You didn't know any spells.
Your spell library was empty.

Inventory:

Hand Weapons
 Y - a +1 shortbow (weapon)
Armour
 a - a +0 ring mail
 f - the +2 leather armour "Leroat" (worn) {rF- Dex+4}
   (You found it on level 2 of the Dungeon)

   Dex:       It affects your dexterity (+4).
   rF:        It makes you vulnerable to fire.
 k - a +0 helmet
Jewellery
 b - an amulet of reflection (around neck)
Scrolls
 e - a scroll of fog {unknown}
 h - a scroll of brand weapon {unknown}
Potions
 c - a potion of magic {unknown}
 d - a potion of lignification {unknown}
 g - a potion of degeneration {unknown}
 i - a potion of heal wounds {unknown}

Dungeon Overview and Level Annotations

Branches:
Dungeon (3/15)

Altars:
Zin


Message History

The orc priest invokes the aid of Beogh against you.
Beogh smites you!
Ouch! That really hurt!
You shoot an arrow. The arrow hits the dart slug.
The dart slug is heavily wounded.
You shoot an arrow. The orc shouts!
The arrow hits the dart slug.
The dart slug is heavily wounded.
You hear a shout!
A goblin comes into view. It is wielding a +0 dagger.
You shoot an arrow. The endoplasm quivers.
The arrow hits the dart slug!
You kill the dart slug!
The orc priest miscasts a cantrip.
You shoot an arrow.
The arrow closely misses the giant cockroach.
The arrow hits the orc priest.
The orc priest is moderately wounded.
The giant cockroach misses you.
You shoot an arrow.
The arrow closely misses the orc priest.
The giant cockroach closely misses you. The orc priest misses you.
The giant cockroach bites you but does no damage.
You shoot an arrow. The arrow hits the orc priest.
The orc priest is severely wounded.
The orc priest hits you but does no damage.
The giant cockroach closely misses you.
You shoot an arrow. The arrow hits the orc priest.
The orc priest is severely wounded.
The giant cockroach misses you.
The orc priest hits you with a +0 dagger.
1596 ||| READING scroll of teleportation.
As you read the scroll of teleportation, it crumbles to dust.
You feel strangely unstable.
The giant cockroach bites you but does no damage.
The orc priest calls down the wrath of Beogh upon you.
Pain shoots through your body!
You die...

.....# .###.# .# #.# ##
#.# ##### #.# #...
####.############..#
............... ...#
.......##########o.#
................@Bo#
.......###########go.....
.......# #g#.#.#
.......##### .....
...........######. ... #
.................. g....
.......###.######. >..#
.#..#### #.# ... ....
.##.# #.# #..


You could see an orc priest (summoned), 2 orcs, a giant cockroach (summoned), a
hobgoblin and a goblin.

Vanquished Creatures
  Terence (D:3)
  3 adders (D:2)
  3 dart slugs
  5 orcs (D:2)
  7 endoplasms
  A giant cockroach (D:2)
  2 hobgoblins
  8 kobolds
  4 quokkas
  6 ball pythons
  8 bats
  7 frilled lizards
  7 goblins
  4 rats
66 creatures vanquished.

Notes
Turn   | Place    | Note
-------+----------+-------------------------------------------
     0 | D:1      | qw the Deep Elf Hunter began the quest for the Orb.
     0 | D:1      | Reached XP level 1. HP: 12/12 MP: 3/3
     0 | D:1      | 0 ||| qw: Version: 0.3-a-9-g12657ce
     0 | D:1      | 0 ||| qw: Game counter: 4153
     0 | D:1      | 0 ||| qw: Always use a shield: true
     0 | D:1      | 0 ||| qw: God list: Okawaru
     0 | D:1      | 0 ||| qw: Allow faded altars: false
     0 | D:1      | 0 ||| qw: Do Orc after D:15 true
     0 | D:1      | 0 ||| qw: Do second Lair branch before Depths: true
     0 | D:1      | 0 ||| qw: Lair rune preference: random
     0 | D:1      | 0 ||| qw: Plans: Normal
     0 | D:1      | 0 ||| PLANNING D:1-11
    93 | D:1      | Reached skill level 6 in Ranged Weapons
    93 | D:1      | Reached XP level 2. HP: 16/16 MP: 4/4
   645 | D:1      | 645 ||| READING scroll labelled YSEHEAJIME.
   646 | D:1      | 646 ||| READING scroll labelled VADDIYPYJE.
   649 | D:1      | 649 ||| READING scroll labelled YCOYPN ZOMOR.
   650 | D:1      | 650 ||| DROPPING scroll of butterflies.
   699 | D:2      | Reached XP level 3. HP: 20/20 MP: 5/5
   713 | D:2      | Reached skill level 7 in Ranged Weapons
   858 | D:2      | Reached XP level 4. HP: 25/25 MP: 6/6
  1055 | D:2      | Identified the +2 leather armour "Leroat" {rF- Dex+4}
  1225 | D:2      | 1225 ||| UPGRADING to +0 ring mail.
  1235 | D:2      | 1235 ||| DROPPING +0 leather armour.
  1236 | D:2      | 1236 ||| UPGRADING to +2 leather armour "Leroat" {rF-
                  | Dex+4}.
  1246 | D:2      | 1246 ||| UPGRADING to amulet of reflection.
  1251 | D:2      | 1251 ||| READING 2 scrolls labelled NICZUTOKK.
  1252 | D:2      | 1252 ||| DROPPING scroll of fear.
  1317 | D:3      | Noticed Terence
  1330 | D:3      | Killed Terence
  1331 | D:3      | Reached skill level 3 in Dodging
  1346 | D:3      | 1346 ||| FLEEEEING.
  1521 | D:3      | Found a glowing silver altar of Zin.
  1582 | D:3      | 1582 ||| Stepping ~*~*~tactically~*~*~ (outnumbered).
  1583 | D:3      | 1583 ||| Stepping ~*~*~tactically~*~*~ (outnumbered).
  1595 | D:3      | HP: 6/25 [orc priest/+0 dagger[a hobgoblin] (3)]
  1596 | D:3      | 1596 ||| READING scroll of teleportation.
  1596 | D:3      | Killed from afar by an orc priest

Levels and vault maps discovered:
D:1:      amcnicky_arrival_flooded_fountain, layout_loops_ring
D:2:      layout_basic
D:3:      layout_loops_ring, mainiacjoe_overflow_surrounded_room,
          hangedman_abyss_or_decor_stabs, st_stairs_4, uniq_crazy_yiuf_cottage,
          uniq_terence, uniq_natasha

Skill      XL: |  1  2  3  4 |
---------------+-------------+-----
Ranged Weapons | 6 7 |  7.9
Dodging        | 3 |  3.2
Fighting       | |  1.5
Stealth        | |  1.2

Action                     |  1- 3 |  4- 6 || total
---------------------------+-------+-------++-------
   Fire: Shortbow          |    99 |    75 ||   174
    Use: Scroll            |     3 |     2 ||     5
 Armour: Leather armour    |     7 |     7 ||    14
  Dodge: Dodged            |    18 |    15 ||    33
  Block: Other             |       |     4 ||     4
         Reflection        |       |     1 ||     1

Table legend:
 A = Non-vault XP
 B = Vault XP
 C = Vault XP percentage of total XP
 D = Non-vault monster count
 E = Vault monster count
 F = Vault count percentage of total count
                 A         B        C        D         E       F
            +---------+---------+-------+---------+---------+-------
      Total |     148 |      42 |  22.1 |      63 |       3 |   4.5
            +---------+---------+-------+---------+---------+-------
        D:1 |      39 |       0 |   0.0 |      27 |       0 |   0.0
        D:2 |      89 |       0 |   0.0 |      26 |       0 |   0.0
        D:3 |      20 |      42 |  67.7 |      10 |       3 |  23.1
            +---------+---------+-------+---------+---------+-------
